 Dungeon Crawl Stone Soup version 0.29-a0-323-g050149af67 (webtiles) character file.

Game seed: 17316623260169234741

3544 Jortsu the Ruffian (level 9, -6/85 HPs)
             Began as a Troll Hunter on Apr 11, 2022.
             Was a High Priest of Jiyva.
             Killed from afar by an ogre mage (23 damage)
             ... with a bolt of magma
             ... on level 7 of the Dungeon.
             The game lasted 00:13:57 (5529 turns).

Jortsu the Ruffian (Troll Hunter)                   Turns: 5529, Time: 00:13:58

Health: -6/85      AC: 11    Str: 23    XL:     9   Next: 83%
Magic:  8/8        EV: 14    Int:  5    God:    Jiyva [*****.]
Gold:   203        SH:  0    Dex: 15    Spells: 8/8 levels left

rFire   + . .      SeeInvis .   n - +0 giant club
rCold   + + .      Faith    .   (shield currently unavailable)
rNeg    . . .      Spirit   .   v - +1 robe {rC+ rF+}
rPois   .          Reflect  .   (helmet restricted)
rElec   .          Harm     .   (no cloak)
rCorr   +          Rampage  .   (gloves unavailable)
Will    .....      Clarity  +   (boots unavailable)
Stlth   ++........              p - amulet of regeneration
HPRegen 3.28/turn               e - ring of protection from cold
MPRegen 0.56/turn               m - +4 ring of protection

@: hasted (expiring), very quick
A: large, unfitting armour, claws 3, regeneration 1, shaggy fur 1, tough skin 1,
clarity, wild magic 2, gelatinous body 2, jelly sensing items
a: Renounce Religion, Oozemancy, Slimify


You were on level 7 of the Dungeon.
You worshipped Jiyva.
Jiyva was extremely pleased with you.
You visited 1 branch of the dungeon, and saw 7 of its levels.
You also visited: Ossuary.

You collected 203 gold pieces.

Inventory:

Hand Weapons
 a - a +2 hunting sling
 n - a +0 giant club (weapon)
Armour
 v - a +1 robe of resistance (worn)
Jewellery
 e - a ring of protection from cold (left claw)
 m - a +4 ring of protection (right claw)
 p - an amulet of regeneration (around neck)
Wands
 l - a wand of mindburst (9)
Scrolls
 b - a scroll of enchant weapon
 c - a scroll of immolation
 o - 2 scrolls of amnesia
 s - a scroll of fog
 u - 4 scrolls of teleportation
 w - 2 scrolls of magic mapping
 y - a scroll of identify
Potions
 d - 2 potions of degeneration {unknown}
 f - a potion of experience {unknown}
 g - 3 potions of lignification
 h - 4 potions of heal wounds {unknown}
 i - 4 potions of brilliance
 j - a potion of berserk rage {unknown}
 k - 3 potions of magic {unknown}
 q - a potion of haste
 r - 2 potions of curing {unknown}
 t - a potion of cancellation {unknown}
 x - a potion of mutation {unknown}


   Skills:
 + Level 4.7 Fighting
 + Level 6.6 Maces & Flails
 + Level 3.2 Slings
 + Level 5.7 Dodging
 + Level 1.9 Stealth
 + Level 7.2 Unarmed Combat


You had 8 spell levels left.
You didn't know any spells.
Your spell library was empty.

Dungeon Overview and Level Annotations

Branches:
Dungeon (7/15)             Temple (0/1) D:5         Ossuary (visited)

Altars:
Ashenzari
Elyvilon
Gozag
Hepliaklqana
Nemelex Xobeh
Beogh
Jiyva

Annotations:
D:7 1 transporter


Innate Abilities, Weirdness & Mutations

You are too large for most types of armour.
You have claws for hands.
Your natural rate of healing is unusually fast.
You are covered in fur. (AC +1)
You have tough skin. (AC +1)
You possess an exceptional clarity of mind.
Your spells are harder to cast, but more powerful.
Your pliable body absorbs attacks. (AC +2, EV +2)
You have a small jelly attached to you that senses nearby items.


Message History

You sock the orc warrior!
You kill the orc warrior!
An ogre mage appears from thin air!
Reactivating autopickup.
The ogre mage hits you with a +0 spear.
* * * LOW HITPOINT WARNING * * *
You closely miss the ogre mage. You hit the ogre mage but do no damage.
Your rockslime dissolves into a puddle of slime!
The ogre mage hits you but does no damage.
The orc completely misses you.
You hit the ogre mage.
The ogre mage is lightly wounded.
The orc misses you.
Jiyva says: Divide and consume!
You barely miss the ogre mage.
The ogre mage is lightly wounded.
The ogre mage hits you but does no damage.
The orc hits you with a +0 short sword.
* * * LOW HITPOINT WARNING * * *
You hit the ogre mage.
The ogre mage is lightly wounded.
The ogre mage barely misses you. The orc hits you with a +0 short sword.
* * * LOW HITPOINT WARNING * * *
You barely miss the ogre mage.
The ogre mage is lightly wounded.
The orc barely misses you.
You bludgeon the ogre mage!!
The ogre mage is heavily wounded.
The ogre mage hits you with a +0 spear!
* * * LOW HITPOINT WARNING * * *
The orc misses you.
You barely miss the ogre mage.
The ogre mage is heavily wounded.
You sock the ogre mage!
The ogre mage is severely wounded.
Your extra speed is starting to run out.
The ogre mage points at you and mumbles some strange words.
The bolt of magma hits you!! You partially resist.
You die...

#...)#?#=...#.#######
#.#?......#.# #
#####.##.8o8.##.# #
#..<#. )..o...#.#
#.###.##.8.8.##.#
###### #.#
#.#.......#.#.##..J..
#.#
#...o#.#....#........
#.#
#..o#####...####.###.
#.####.O@.©)...#####.#
#.
#....###########.....#
#. ####.# #..©J.#
#.#...# #. #.# ###.###
#.#.#.# #. #.# #.#
#.#.#.# #. #.# #.#
#.#.#.# ## #.# #.#
#.#.#.# #.# #..
..#.#.# #.# #.###
###.#.#


You could see an ogre mage, 2 orc priests, 2 orcs and a neutral jelly
(wandering) (fellow slime).

Vanquished Creatures
  An unseen horror (D:6)
  Prince Ribbit (D:6)
  Menkaure (D:6)
  Edmund (D:5)
  A sky beast (D:6)
  4 orc warriors (D:7)
  4 black bears
  2 ice beasts (D:7)
  2 ogres
  3 centaurs
  5 elf zombies (Ossuary)
  3 necrophages
  A bullfrog (D:6)
  2 scorpions
  A howler monkey (D:6)
  5 centaur zombies (Ossuary)
  2 hounds
  2 human zombies (Ossuary)
  2 orc priests
  2 iguanas (D:6)
  Jessica (D:3)
  Ijyb (D:3)
  5 orc wizards
  3 mummies (Ossuary)
  4 gnolls (D:7)
  5 adders
  An ufetubus (D:7)
  A worm (D:2)
  A dart slug (D:1)
  32 orcs
  2 endoplasms (D:1)
  4 giant cockroaches
  A goblin (D:2)
  4 hobgoblins
  2 jackals (D:2)
  3 quokkas
  A ball python (D:2)
  5 bats
  A frilled lizard (D:1)
  A goblin zombie (D:4)
  5 kobolds
  4 rats
  A rat zombie (D:4)
133 creatures vanquished.

Vanquished Creatures (others)
  A water moccasin (D:5)
  2 black bears
  A centaur (D:6)
  A bullfrog (D:7)
  A necrophage (D:5)
  6 jellies
  A hound (D:7)
  An iguana (D:5)
  An orc wizard (D:5)
  A gnoll (D:1)
  An adder (D:5)
  A white imp (D:5)
  6 worms
  4 orcs
  2 ball pythons
  An endoplasm (D:1)
  3 giant cockroaches
  3 goblins (D:4)
  2 hobgoblins
  2 bats (D:3)
  4 kobolds
  2 rats
  30 plants (D:3)
77 creatures vanquished.

Grand Total: 210 creatures vanquished

Notes
Turn   | Place    | Note
-------+----------+-------------------------------------------
     0 | D:1      | Jortsu the Troll Hunter began the quest for the Orb.
     0 | D:1      | Reached XP level 1. HP: 19/19 MP: 0/0
   278 | D:1      | Reached XP level 2. HP: 27/27 MP: 1/1
   404 | D:1      | Found a faded altar of an unknown god.
   413 | D:1      | Prayed at the altar of an unknown god.
   413 | D:1      | Became a worshipper of Jiyva Jeid the Shapeless
   413 | D:1      | Reached * piety under Jiyva
  1058 | D:2      | Reached XP level 3. HP: 35/35 MP: 2/2
  1121 | D:2      | Reached ** piety under Jiyva
  1646 | D:3      | Noticed Jessica
  1651 | D:3      | Killed Jessica
  1652 | D:3      | Reached skill level 1 in Unarmed Combat
  1652 | D:3      | Reached XP level 4. HP: 42/42 MP: 3/3
  1712 | D:3      | Found a hazy altar of Hepliaklqana.
  1856 | D:3      | Reached *** piety under Jiyva
  1856 | D:3      | Gained mutation: You expend magic power (3 MP) to
                  | strengthen your wands. [Jiyva's grace]
  1856 | D:3      | Gained mutation: Your spells are a little harder to cast,
                  | but a little more powerful. [Jiyva's grace]
  1856 | D:3      | Gained mutation: Your spells are harder to cast, but more
                  | powerful. [Jiyva's grace]
  1856 | D:3      | Gained mutation: Your spells are much harder to cast, but
                  | much more powerful. [Jiyva's grace]
  2027 | D:3      | Noticed Ijyb
  2054 | D:3      | Killed Ijyb
  2055 | D:3      | Reached skill level 2 in Unarmed Combat
  2136 | D:4      | Noticed a scorpion
  2146 | D:4      | Killed a scorpion
  2147 | D:4      | Reached XP level 5. HP: 41/49 MP: 4/4
  2336 | D:4      | Found a sand-covered staircase.
  2361 | Ossuary  | Entered an ossuary
  2375 | Ossuary  | Reached skill level 1 in Stealth
  2375 | Ossuary  | Reached skill level 3 in Unarmed Combat
  2401 | Ossuary  | Reached skill level 4 in Unarmed Combat
  2401 | Ossuary  | Reached XP level 6. HP: 57/57 MP: 5/5
  2448 | Ossuary  | Reached skill level 5 in Unarmed Combat
  2478 | Ossuary  | Reached XP level 7. HP: 65/65 MP: 6/6
  2508 | Ossuary  | Reached skill level 6 in Unarmed Combat
  2875 | D:4      | Reached **** piety under Jiyva
  2916 | D:5      | Entered Level 5 of the Dungeon
  2975 | D:5      | Reached skill level 7 in Unarmed Combat
  3014 | D:5      | Reached XP level 8. HP: 68/74 MP: 7/7
  3069 | D:5      | Reached skill level 1 in Maces & Flails
  3166 | D:5      | Found a staircase to the Ecumenical Temple.
  3172 | D:5      | Noticed Edmund
  3184 | D:5      | Killed Edmund
  3208 | D:5      | Found an opulent altar of Gozag.
  3209 | D:5      | Found a sparkling altar of Nemelex Xobeh.
  3844 | D:6      | Killed an unseen horror
  3874 | D:6      | Lost mutation: Your spells are much harder to cast, but
                  | much more powerful. [Jiyva's grace]
  3874 | D:6      | Lost mutation: You expend magic power (3 MP) to strengthen
                  | your wands. [Jiyva's grace]
  3874 | D:6      | Gained mutation: You possess an exceptional clarity of
                  | mind. [Jiyva's grace]
  3874 | D:6      | Gained mutation: You have a small jelly attached to you
                  | that senses nearby items. [Jiyva's grace]
  3874 | D:6      | Gained mutation: Your rubbery body absorbs attacks. (AC +1,
                  | EV +1) [Jiyva's grace]
  3874 | D:6      | Gained mutation: Your pliable body absorbs attacks. (AC +2,
                  | EV +2) [Jiyva's grace]
  3913 | D:6      | Reached skill level 5 in Dodging
  3936 | D:6      | Reached XP level 9. HP: 84/84 MP: 8/8
  3963 | D:6      | Reached ***** piety under Jiyva
  3988 | D:6      | Noticed Prince Ribbit
  4136 | D:6      | Killed Prince Ribbit
  4236 | D:6      | Noticed Menkaure
  4241 | D:6      | Killed Menkaure
  4470 | D:6      | Found a broken altar of Ashenzari.
  5104 | D:7      | Reached skill level 5 in Maces & Flails
  5323 | D:7      | Found a white marble altar of Elyvilon.
  5428 | D:7      | Found a transporter.
  5430 | D:7      | Found a transporter.
  5433 | D:7      | Noticed an ogre mage
  5515 | D:7      | HP: 4/85 [something (10)]
  5529 | D:7      | Killed from afar by an ogre mage

Illustrated notes

Levels and vault maps discovered:
D:1:      nicolae_arrival_memento_mori, layout_loops_cross,
          hellmonk_ecumenical_altar_zigzags
D:2:      layout_basic
D:3:      layout_basic, nicolae_hepliaklqana_hazy_memory, grunt_ministairs_9,
          serial_bayou_ford_a, guppyfry_early_lair_pool, uniq_ijyb, uniq_jessica
D:4:      layout_rooms, enter_ossuary_4, grunt_ministairs_5, nicolae_wormholes
D:5:      layout_basic, grunt_temple_overflow_opulence,
          minmay_temple_entry_arrows, uniq_edmund
D:6:      layout_layer_cave, ashenzari_conservatory_becter, uniq_menkaure,
          uniq_prince_ribbit1
D:7:      gammafunk_beogh_shrine, layout_basic, elyvilon_altar_5

Skill      XL: |  1  2  3  4  5  6  7  8  9 |
---------------+----------------------------+-----
Dodging        | 2 3 5 |  5.7
Slings         | 3 |  3.2
Unarmed Combat | 1 2 4 5 7 |  7.2
Fighting       | 2 3 4 |  4.7
Stealth        | 1 |  1.9
Maces & Flails | 3 6 |  6.6

Action                   |  1- 3 |  4- 6 |  7- 9 || total
-------------------------+-------+-------+-------++-------
Melee: Unarmed           |    96 |   179 |    45 ||   320
       Punch             |       |     4 |       ||     4
       Giant club        |       |       |   411 ||   411
  Use: Scroll            |     2 |       |     6 ||     8
       Potion            |       |       |     1 ||     1
 Stab: Sleeping          |     1 |       |     6 ||     7
Armor: Robe              |    40 |    66 |   383 ||   489
Dodge: Dodged            |    61 |    68 |   398 ||   527

Table legend: (Time is in decaauts)
 A = Elapsed time spent in this place.
 B = Non-inter-level travel time spent in this place.
 C = Inter-level travel time spent in this place.
 D = Time resting spent in this place.
 E = Time spent auto-exploring this place.
 F = Levels seen in this place.
 G = Mean time per level.
                   A        B        C        D        E       F      G
               +--------+--------+--------+--------+--------+-----+--------+
         Total |   5672 |   5512 |    160 |     82 |   3369 |   8 |  709.0 |
       Dungeon |   5462 |   5302 |    160 |     82 |   3369 |   7 |  780.3 |
       Ossuary |    210 |    210 |      0 |      0 |      0 |   1 |  210.0 |
               +--------+--------+--------+--------+--------+-----+--------+

Top non-repeatable levels by time:
     D:6: 1587 daAuts
     D:1: 840 daAuts
     D:2: 801 daAuts
     D:5: 639 daAuts
     D:4: 598 daAuts
     D:7: 541 daAuts
     D:3: 453 daAuts
 Ossuary: 210 daAuts
